 Dungeon Crawl Stone Soup version 0.27-a0-679-g77a6b55cf3 (webtiles) character file.

Game seed: 12464815303736121924

95 Allula97 the Insei (level 4, 0/49 HPs)
             Began as a Demonspawn Transmuter on Mar 19, 2021.
             Succumbed to a worker ant's poison
             ... on level 3 of the Dungeon.
             The game lasted 00:04:53 (2924 turns).

Allula97 the Insei (Demonspawn Transmuter)          Turns: 2924, Time: 00:04:53

Health: 0/49       AC: 22    Str: 12    XL:     4   Next: 39%
Magic:  7/7        EV:  2    Int: 14    God:
Gold:   155        SH:  0    Dex: 13    Spells: 5/8 levels left

rFire    . . .     SeeInvis .     - Unarmed
rCold    . . .     Faith    .   (no shield)
rNeg     + + +     Spirit   .   (armour currently unavailable)
rPois    +         Reflect  .   (helmet currently unavailable)
rElec    .         Harm     .   (cloak currently unavailable)
rCorr    .         Rampage  .   (gloves currently unavailable)
Will     .....     NoTele   +   (boots currently unavailable)
Stlth    ++........             (no amulet)
HPRegen  0.16/turn              (no ring)
MPRegen  0.10/turn              (no ring)

@: brilliant, lethally poisoned (0 -> -2), tree-form, berserk cooldown, slowed,
very slow
A: stationary, stasis, torment immunity, boosted hp, (hooves 1), (slimy green
scales 1), demonic guardian 1
a: no special abilities


You were on level 3 of the Dungeon.
You were a tree.
You visited 1 branch of the dungeon, and saw 3 of its levels.

You collected 155 gold pieces.

Inventory:

Armour
 a - a +0 robe
 b - a +0 chain mail (melded)
 d - a +1 pair of gloves (melded)
 f - a scarf of repulsion (melded)
Scrolls
 c - 2 scrolls of immolation {unknown}
 e - a scroll of amnesia {unknown}


   Skills:
 * Level 1.8 Fighting
 * Level 0.6 Armour
 * Level 2.0 Dodging
 * Level 0.9 Stealth
 * Level 3.5 Unarmed Combat
 * Level 2.5 Spellcasting
 * Level 2.1 Transmutations


You had 5 spell levels left.
You knew the following spells:

 Your Spells              Type           Power      Damage    Failure   Level
a - Beastly Appendage     Tmut           22%        N/A       10%         1
b - Wereblood             Tmut           11%        N/A       14%         2

Your spell library contained the following spells:

 Spells                   Type           Power      Damage    Failure   Level
 Spider Form              Tmut/Pois      3%         N/A       41%         3
 Ice Form                 Ice/Tmut       7%         N/A       82%         4
 Blade Hands              Tmut           5%         N/A       95%         5


Dungeon Overview and Level Annotations

Branches:
Dungeon (3/15)

Altars:
Nemelex Xobeh
Uskayaw

Annotations:
D:1 FLY


Innate Abilities, Weirdness & Mutations

You are a tree.
Your roots penetrate the ground, keeping you stationary.
You cannot be teleported.
You are immune to unholy pain and torment.
Your maximum health is greatly increased.
Your equipment is partially melded.
((You have large cloven feet.))
((You are partially covered in slimy green scales. (AC +2)))
A weak demonic guardian rushes to your aid.


Message History

The worker ant bites you but does no damage.
Your ufetubus closely misses the worker ant.
Your ufetubus barely misses the worker ant.
You punch the worker ant!
You kill the worker ant!
There is a lethal amount of poison in your body!
You swap places.
* * * LOW HITPOINT WARNING * * *
You feel sick.
You see here a worker ant corpse.
You feel a strong urge to attack something.
* * * LOW HITPOINT WARNING * * *
You feel sick.
You swap places.
You feel your anger nearly subside.
You are no longer berserk.
You are exhausted.
You feel yourself slow down.
It was a potion of lignification.
You turn into a tree.
Your scarf of repulsion melds into your body.
Your +1 pair of gloves melds into your body.
Your +0 chain mail melds into your body.
The haze of the repulsion field disappears.
Your roots penetrate the ground.
* * * LOW HITPOINT WARNING * * *
You feel sick.
It was a potion of brilliance.
You feel clever all of a sudden.
You cannot move.
There is a lethal amount of poison in your body!
There is a lethal amount of poison in your body!
* * * LOW HITPOINT WARNING * * *
You feel sick.
* * * LOW HITPOINT WARNING * * *
You feel sick.
* * * LOW HITPOINT WARNING * * *
You feel sick.
* * * LOW HITPOINT WARNING * * *
You feel sick.
Your ufetubus disappears in a puff of smoke!
You die...

# #)#######.# #
####.........# #
#............#
###.#..##......#
.........####.####
.......#.#.......#
<#.#.#.#.#.#####.#
..###....#.# #†#
.#.#.#.#.#.# #♣#
..#.#.##.#.# #.#####.
.#.........#####$......#
.##.#.##.#.....≈≈≈≈.#..#
.##.#.##.###.#....≈.#
.## # #.# #.##≈≈≈≈## .#
#.# #.####### ..# #.#
### #.#


There were no monsters in sight!

Vanquished Creatures
  A worker ant (D:3)
  2 adders (D:2)
  An ooze (D:3)
  2 worms (D:2)
  2 dart slugs
  3 bats
  3 giant cockroaches
  2 goblins (D:3)
  7 hobgoblins
  6 jackals (D:2)
  A frilled lizard (D:1)
  4 kobolds (D:2)
  2 rats
36 creatures vanquished.

Vanquished Creatures (collateral kills)
  2 kobolds (D:2)
2 creatures vanquished.

Vanquished Creatures (others)
  A bat (D:2)
1 creature vanquished.

Grand Total: 39 creatures vanquished

Notes
Turn   | Place    | Note
-------+----------+-------------------------------------------
     0 | D:1      | Allula97 the Demonspawn Transmuter began the quest for the
                  | Orb.
     0 | D:1      | Reached XP level 1. HP: 15/15 MP: 3/3
   328 | D:1      | Gained mutation: A weak demonic guardian rushes to your
                  | aid. [demonic ancestry]
   328 | D:1      | Reached XP level 2. HP: 20/21 MP: 3/5
   640 | D:1      | Reached skill level 3 in Unarmed Combat
  1143 | D:2      | Lost mutation: You have razor-sharp toenails. [demonic
                  | ancestry]
  1143 | D:2      | Lost mutation: You have sharp toenails. [demonic ancestry]
  1143 | D:2      | Gained mutation: You have large cloven feet. [demonic
                  | ancestry]
  1143 | D:2      | Reached XP level 3. HP: 21/26 MP: 6/6
  1158 | D:2      | Learned a level 2 spell: Wereblood
  2295 | D:2      | Found a hide-covered altar of Uskayaw.
  2805 | D:3      | Gained mutation: You are partially covered in slimy green
                  | scales. (AC +2) [demonic ancestry]
  2805 | D:3      | Reached XP level 4. HP: 28/33 MP: 7/7
  2879 | D:3      | Found a sparkling altar of Nemelex Xobeh.
  2920 | D:3      | HP: 2/49 [poisoned by a worker ant]
  2924 | D:3      | Succumbed to a worker ant's poison

Illustrated notes

Levels and vault maps discovered:
D:1:      lemuel_arrival_lava_pool, layout_basic, eino_curves_03,
          amcnicky_mini_corridor_feature, minmay_misc_feat_square
D:2:      layout_basic, nicolae_uskayaw_suspiria
D:3:      layout_loops_ring, nemelex_xobeh_ov_fountains_minmay, serial_rivers,
          chequers_serial_rivers_micro_e, chequers_serial_rivers_micro_d,
          chequers_serial_rivers_room_a, chequers_serial_rivers_micro_d

Skill      XL: |  1  2  3 |
---------------+----------+-----
Unarmed Combat | 3 |  3.5
Transmutations | 2 |  2.1
Dodging        | 2 |  2.0
Fighting       | |  1.8
Armour         | |  0.6
Stealth        | |  0.9
Spellcasting   | |  2.5

Action                   |  1- 3 |  4- 6 || total
-------------------------+-------+-------++-------
Melee: Unarmed           |   146 |    14 ||   160
       Headbutt          |    12 |       ||    12
       Kick              |    27 |     4 ||    31
       Punch             |     1 |       ||     1
 Cast: Beastly Appendage |    13 |       ||    13
  Use: Potion            |     2 |     3 ||     5
Armor: Robe              |    23 |       ||    23
       Chain mail        |    23 |     9 ||    32
Dodge: Dodged            |    94 |     6 ||   100

Table legend: (Time is in decaauts)
 A = Elapsed time spent in this place.
 B = Non-inter-level travel time spent in this place.
 C = Inter-level travel time spent in this place.
 D = Time resting spent in this place.
 E = Time spent auto-exploring this place.
 F = Levels seen in this place.
 G = Mean time per level.
                   A        B        C        D        E       F      G
               +--------+--------+--------+--------+--------+-----+--------+
         Total |   2916 |   2897 |     19 |    565 |   1818 |   3 |  972.0 |
       Dungeon |   2916 |   2897 |     19 |    565 |   1818 |   3 |  972.0 |
               +--------+--------+--------+--------+--------+-----+--------+

Top non-repeatable levels by time:
     D:2: 1741 daAuts
     D:1: 980 daAuts
     D:3: 194 daAuts
